 Dungeon Crawl Stone Soup version 0.26.1-11-gd32895ea62 (webtiles) character file.

Game seed: 9238688115162498394

35 nothank2 the Cudgeller (level 3, 0/23 HPs)
             Began as a Gargoyle Fighter on June 24, 2021.
             Slain by an adder (2 damage)
             ... on level 2 of the Dungeon.
             The game lasted 00:02:18 (1207 turns).

nothank2 the Cudgeller (Gargoyle Fighter)           Turns: 1207, Time: 00:02:18

Health: 0/23       AC: 10    Str: 20    XL:     3   Next: 35%
Magic:  3/3        EV:  7    Int:  8    God:
Gold:   157        SH:  9    Dex:  9    Spells: 2/2 levels left

rFire    . . .     SeeInvis .   a - +0 flail
rCold    . . .     Faith    .   c - +0 kite shield
rNeg     + . .     Spirit   .   b - +0 scale mail
rPois    ∞         Reflect  .   (no helmet)
rElec    +         Harm     .   (no cloak)
rCorr    .         Rampage  .   (no gloves)
Will     .....                  (no boots)
Stlth    ..........             p - amulet of inaccuracy (curse)
HPRegen  0.07/turn              (no ring)
MPRegen  0.08/turn              (no ring)

@: no status effects
A: negative energy resistance 1, electricity resistance, unbreathing,
petrification resistance, miasma immunity, AC +3
a: no special abilities


You were on level 2 of the Dungeon.
You visited 1 branch of the dungeon, and saw 2 of its levels.

You collected 157 gold pieces.

Inventory:

Hand Weapons
 a - a +0 flail (weapon)
Armour
 b - a +0 scale mail (worn)
 c - a +0 kite shield (worn)
Jewellery
 p - a cursed amulet of inaccuracy (around neck)
Wands
 l - a wand of disintegration (10)
Scrolls
 f - 2 scrolls of immolation {unknown}
 g - 3 scrolls of teleportation {unknown}
 h - 2 scrolls of enchant weapon {unknown}
 i - 2 scrolls of identify {unknown}
 m - a scroll of magic mapping {unknown}
 o - a scroll of blinking {unknown}
 q - a scroll of enchant armour {unknown}
 r - a scroll of remove curse {unknown}
 s - a scroll of random uselessness {unknown}
 t - a scroll of noise {unknown}
Potions
 d - a potion of might
 e - a potion of resistance {unknown}
 j - a potion of brilliance {unknown}
 k - a potion of heal wounds {unknown}
 n - 2 potions of attraction {unknown}


   Skills:
 - Level 3.2 Fighting
 + Level 3.7 Maces & Flails
 - Level 3.2 Armour
 - Level 3.2 Shields


You had 2 spell levels left.
You didn't know any spells.
Your spell library was empty.

Dungeon Overview and Level Annotations

Branches:
Dungeon (2/15)

Altars:


Innate Abilities, Weirdness & Mutations

You are resistant to torment.
Your stone body is resilient. (AC +3)
You are immune to poison.
You resist negative energy. (rN+)
You are resistant to electric shocks. (rElec)
You can survive without breathing.
You are immune to petrification.
You are immune to miasma.


Message History

* * * LOW HITPOINT WARNING * * *
You miss the adder.
The adder is almost dead.
The adder bites you but does no damage. You block the hobgoblin's attack.
You closely miss the adder.
The adder is almost dead.
The adder bites you.
* * * LOW HITPOINT WARNING * * *
The hobgoblin barely misses you. You block the adder's attack.
You barely miss the adder.
The adder is almost dead.
You block the adder's attack. The hobgoblin hits you.
* * * LOW HITPOINT WARNING * * *
The adder bites you but does no damage. The hobgoblin barely misses you.
You block the adder's attack. The adder bites you but does no damage.
You barely miss the adder.
The adder is almost dead.
The adder bites you.
You die...

##### #...# ###### #...# ......
#...# ...... ######...# ......
##...@Sg..######...>..
#.)####...........)...
###..(###...####.....!..
##########...#..##...###..#......
...........#..#..#...#...##......
...........##.##.#####.## ######
..........###.##...# #.#
........(.# #.###..###.# #####
###.###...###.##....##.## #....


You could see an adder and a hobgoblin.

Vanquished Creatures
  2 adders (D:2)
  A worm (D:2)
  A leopard gecko (D:1)
  2 bats
  A goblin (D:2)
  3 hobgoblins (D:2)
  A kobold (D:2)
  4 rats
15 creatures vanquished.

Notes
Turn   | Place    | Note
-------+----------+-------------------------------------------
     0 | D:1      | nothank2 the Gargoyle Fighter began the quest for the Orb.
     0 | D:1      | Reached XP level 1. HP: 14/14 MP: 1/1
   672 | D:2      | Reached XP level 2. HP: 16/19 MP: 2/2
   738 | D:2      | Found a faded altar of an unknown god.
   878 | D:2      | Reached XP level 3. HP: 23/23 MP: 3/3
  1196 | D:2      | HP: 1/23 [hobgoblin (2)]
  1207 | D:2      | Slain by an adder

Illustrated notes

Levels and vault maps discovered:
D:1:      mushboom_english_gardens, layout_loops_ring
D:2:      layout_rooms, chequers_ecumenical_altar_island

Skill      XL: |  1  2 |
---------------+-------+-----
Maces & Flails | 3 |  3.7
Fighting       | |  3.2
Armour         | |  3.2
Shields        | |  3.2

Action                   || total
-------------------------++-------
Melee: Flail             ||   105
Armor: Scale mail        ||    80
Dodge: Dodged            ||    41
Block: Kite shield       ||    87
